Map: Romanticide EC

Players

llllllllllll - Winner!

  • Race: Protoss Protoss
  • Spawn Location: 5:00

Hawk

  • Race: Protoss Protoss
  • League: Master
  • Spawn Location: 11:00

VOD

Have the link to the VOD?

Description

Time

  • Played on: Nov. 10, 2020, 6:38 a.m.
  • Length: 8:31
Show
View Real Time Build Order
Export as new Build Order

llllllllllll Protoss - Winner!

Build Orders:  

Get SALT Encoding   

  12  0:00  Probe  
  13  0:12  Probe  
  14  0:17  Pylon  
  14  0:25  Probe  
  15  0:36  Gateway  
  15  0:37  Probe (Chrono Boost)  
  16  0:47  Assimilator, Probe (Chrono Boost)  
  17  0:52  Probe (Chrono Boost)  
  17  0:56  Assimilator  
  18  1:03  Probe (Chrono Boost)  
  19  1:13  Gateway, Probe (Chrono Boost)  
  19  1:18  Probe (Chrono Boost)  
  21  1:26  Cybernetics Core  
  21  1:29  Probe  
  22  1:36  Pylon  
  22  1:41  Probe  
  23  1:54  Probe  
  23  2:00  Warp Gate (Chrono Boost)  
  24  2:02  Stalker  
  24  2:03  Stalker  
  24  2:07  Probe  
  29  2:14  Pylon  
  29  2:28  Pylon  
  29  2:36  Sentry  
  29  2:37  Sentry  
  33  2:43  Nexus  
  33  2:46  Probe  
  34  2:57  Shield Battery  
  34  3:01  Robotics Facility  
  34  3:06  Probe  
  35  3:14  Sentry  
  35  3:19  Shield Battery  
  37  3:22  Pylon  
  37  3:23  Probe  
  38  3:35  Probe  
  39  3:41  Stalker  
  39  3:48  Probe  
  42  3:52  Immortal (Chrono Boost)  
  46  3:58  Adept  
  46  4:02  Probe  
  49  4:08  Pylon  
  48  4:11  Adept  
  49  4:19  Probe  
  49  4:26  Stalker  
  49  4:30  Probe  
  45  4:33  Probe  
  45  4:37  Immortal (Chrono Boost)  
  44  4:42  Sentry  
  50  4:46  Probe  
  51  4:54  Stalker  
  47  5:05  Probe  
  46  5:09  Immortal (Chrono Boost)  
  50  5:21  Probe  
  47  5:22  Stalker x2  
  51  5:35  Warp Prism (Chrono Boost)  
  51  5:43  Probe  
  51  5:48  Adept x2  
  56  5:51  Probe  
  56  5:53  Shield Battery  
  56  5:55  Pylon  
  56  5:56  Probe  
  58  6:03  Probe  
  58  6:08  Observer (Chrono Boost)  
  58  6:09  Probe  
  60  6:15  Adept x2  
  60  6:16  Probe  
  65  6:21  Probe  
  65  6:24  Pylon  
  66  6:28  Probe  
  66  6:32  Forge  
  67  6:39  Adept  
  69  6:43  Adept  
  71  6:50  Warp Prism (Chrono Boost)  
  69  6:55  Probe  
  70  7:05  Probe  
  63  7:15  Probe  
  58  7:20  Twilight Council  
  58  7:22  Probe  
  57  7:23  Assimilator, Immortal (Chrono Boost)  
  57  7:24  Assimilator, Nexus  
  57  7:27  Pylon  
  61  7:36  Sentry, Stalker  
  65  7:52  Immortal (Chrono Boost)  
  65  7:55  Gateway  
  65  7:57  Gateway  
  69  7:59  Gateway  
  69  8:01  Gateway  
  69  8:02  Probe x2  
  71  8:14  Sentry, Stalker, Probe  
  71  8:15  Probe  
  71  8:19  Pylon, Shield Battery  
Show
View Real Time Build Order
Export as new Build Order

Hawk Protoss 

Build Orders:  

Get SALT Encoding   

  12  0:00  Probe  
  13  0:12  Probe  
  14  0:17  Pylon  
  14  0:24  Probe (Chrono Boost)  
  16  0:37  Gateway, Probe (Chrono Boost)  
  16  0:42  Probe (Chrono Boost)  
  16  0:46  Assimilator  
  17  0:53  Probe  
  17  0:54  Assimilator  
  18  1:05  Probe  
  18  1:07  Gateway  
  19  1:17  Probe  
  20  1:26  Cybernetics Core  
  20  1:29  Probe  
  21  1:35  Pylon  
  21  1:49  Probe  
  22  2:01  Warp Gate (Chrono Boost)  
  22  2:03  Stalker x2 (Chrono Boost)  
  22  2:06  Probe  
  27  2:13  Pylon  
  27  2:27  Stalker (Chrono Boost)  
  27  2:28  Stalker (Chrono Boost)  
  31  2:41  Pylon  
  30  2:52  Stalker  
  30  2:54  Stalker  
  34  3:12  Nexus  
  34  3:15  Pylon  
  34  3:45  Stalker x2  
  38  3:50  Probe  
  39  3:59  Twilight Council  
  39  4:02  Probe  
  40  4:14  Probe  
  40  4:15  Stalker x2  
  45  4:26  Probe  
  43  4:38  Probe  
  43  4:39  Stalker  
  43  4:40  Blink (Chrono Boost), Stalker  
  43  4:41  Probe  
  48  4:50  Probe  
  47  4:53  Probe  
  42  5:02  Probe  
  42  5:06  Probe  
  44  5:11  Stalker x2  
  48  5:14  Probe  
  48  5:18  Probe  
  48  5:27  Probe  
  47  5:30  Probe  
  47  5:35  Adept x2  
  52  5:39  Probe  
  49  5:43  Probe  
  50  5:51  Probe  
  50  5:54  Gateway  
  50  5:55  Gateway, Probe  
  52  5:57  Gateway  
  52  6:00  Gateway  
  48  6:07  Nexus  
  48  6:10  Stalker  
  50  6:11  Stalker  
  50  6:17  Pylon  
  52  6:19  Pylon  
  52  6:21  Probe x2  
  54  6:25  Assimilator  
  54  6:28  Assimilator  
  54  6:39  Stalker x2  
  58  6:40  Probe  
  57  6:51  Stalker x2  
  57  6:53  Stalker  
  43  7:14  Probe  
  37  7:23  Probe x2 (Chrono Boost)  
  40  7:31  Probe (Chrono Boost)  
  40  7:35  Probe x2 (Chrono Boost)  
  40  7:36  Pylon  
  42  7:41  Probe x3 (Chrono Boost)  
  45  7:50  Probe x2 (Chrono Boost)  
  48  7:51  Probe (Chrono Boost)  
  48  7:58  Stalker x2  
  54  7:59  Probe x3 (Chrono Boost)  
  54  8:02  Stalker  
  54  8:04  Probe (Chrono Boost)  
  54  8:05  Probe (Chrono Boost)  
  57  8:07  Probe (Chrono Boost)  
  60  8:16  Probe (Chrono Boost)  
  60  8:18  Robotics Facility  
  60  8:19  Probe (Chrono Boost)  
  63  8:20  Probe (Chrono Boost)  
  63  8:25  Stalker  
Tags
 
League
Master
Matchup
PvP
Spawn Locations
Cross Positions
Add a new tag
Caveats
  • Supply blocks, unpowered buildings, or Contaminate may cause inaccurate times.
  • Supply counts are checked every 10 seconds.